 Dungeon Crawl Stone Soup version 0.22.1-1-ga44c0e5 (webtiles) character file.

184 Ekaitz the Charmwright (level 5, -1/43 HPs)
             Began as a Gnoll Skald on Sept 29, 2018.
             Was a Follower of Cheibriados.
             Slain by a gnoll
             ... wielding a +0 spear
              (9 damage)
             ... on level 4 of the Dungeon.
             The game lasted 00:06:40 (2452 turns).

Ekaitz the Charmwright (Gnoll Skald)                Turns: 2452, Time: 00:06:43

Health: -1/43      AC:  3    Str: 16    XL:     5   Next: 64%
Magic:  7/12       EV: 14    Int: 18    God:    Cheibriados [*.....]
Gold:   189        SH:  0    Dex: 16    Spells: 3/14 levels left

rFire    + . .     SeeInvis .   r - +0 spear (curse)
rCold    x . .     Gourm    .   (no shield)
rNeg     . . .     Faith    .   b - +0 leather armour
rPois    .         Spirit   .   (no helmet)
rElec    .         Reflect  .   (no cloak)
rCorr    .         Harm     +   (no gloves)
MR       .....                  (no boots)
Stlth    +.........             y - amulet of harm
HPRegen  0.14/turn              k - ring of fire
MPRegen  0.13/turn              l - ring of attention (curse)

@: very slightly contaminated, very slow
A: distributed training, fangs 1, strong nose
a: Bend Time, Renounce Religion


You were on level 4 of the Dungeon.
You worshipped Cheibriados.
Cheibriados was aware of your devotion.
You were not hungry.

You visited 1 branch of the dungeon, and saw 4 of its levels.

You collected 189 gold pieces.

Inventory:

Hand Weapons
 a - a +0 hand axe
 c - a +0 mace
 r - a cursed +0 spear (weapon)
 s - a +0 falchion
 z - a +0 hunting sling
Missiles
 j - 29 bolts
 o - 34 sling bullets
 p - 23 arrows
 A - 70 stones (quivered)
Armour
 b - a +0 leather armour (worn)
Jewellery
 k - a ring of fire (left hand)
 l - a cursed ring of attention (right hand)
 y - an amulet of harm (around neck)
Wands
 q - a wand of digging (9)
Scrolls
 e - a scroll of fog {unknown}
 g - 4 scrolls of identify {unknown}
 i - 2 scrolls of magic mapping {unknown}
 n - 2 scrolls of remove curse {unknown}
 t - a scroll of enchant weapon {unknown}
 u - 2 scrolls of amnesia {unknown}
 x - 2 scrolls of teleportation {unknown}
Potions
 f - a potion of brilliance {unknown}
 h - a potion of heal wounds {unknown}
 m - a potion of lignification {unknown}
 w - a potion of curing
Comestibles
 d - 8 rations


   Skills:
 + Level 4.8 Fighting
 + Level 1.5 Short Blades
 + Level 1.5 Long Blades
 + Level 4.8 Axes
 + Level 1.5 Maces & Flails
 + Level 1.5 Polearms
 + Level 1.5 Staves
 + Level 1.5 Slings
 + Level 1.5 Bows
 + Level 1.5 Crossbows
 + Level 1.5 Throwing
 + Level 3.0 Armour
 + Level 4.8 Dodging
 + Level 1.5 Stealth
 + Level 1.5 Shields
 + Level 1.5 Unarmed Combat
 + Level 5.2 Spellcasting
 + Level 1.2 Conjurations
 + Level 1.2 Hexes
 + Level 5.5 Charms
 + Level 1.2 Summonings
 + Level 1.2 Necromancy
 + Level 1.2 Translocations
 + Level 1.2 Transmutations
 + Level 1.2 Fire Magic
 + Level 1.2 Ice Magic
 + Level 1.2 Air Magic
 + Level 1.2 Earth Magic
 + Level 1.2 Poison Magic
 + Level 1.7 Invocations
 + Level 1.5 Evocations


You had 3 spell levels left.
You knew the following spells:

 Your Spells              Type           Power        Failure   Level  Hunger
a - Infusion              Chrm           ###.         1%          1    None
b - Song of Slaying       Chrm           ###.....     2%          2    #......
c - Shroud of Golubria    Chrm/Tloc      ###.......   6%          2    #......
d - Spectral Weapon       Hex/Chrm       ###.....     12%         3    ##.....
r - Regeneration          Chrm/Necr      ###.......   12%         3    ##.....

Your spell library contained the following spells:

 Spells                   Type           Power        Failure   Level  Hunger


Dungeon Overview and Level Annotations

Branches:
Dungeon (4/15)
 Temple: D:4-7

Altars:
Cheibriados
Ru


Innate Abilities, Weirdness & Mutations

Your experience applies equally to all skills.
You have very sharp teeth.
Your uncanny sense of smell can sniff out nearby items.


Message History

Press: ? - help, Dir - move target cursor, f/p - gnoll
Aim: a gnoll, wielding a spear (severely wounded)
You reach to attack!
You hit the gnoll but do no damage.
The gnoll is severely wounded.
Your spectral weapon misses the gnoll.
The gnoll completely misses you.
The gnoll closely misses your spectral weapon.
Attack whom?
Press: ? - help, Dir - move target cursor, f/p - gnoll
Aim: a gnoll, wielding a spear (severely wounded)
You could not reach far enough!
The gnoll hits you from afar with a spear.
* * * LOW HITPOINT WARNING * * *
The gnoll barely misses your spectral weapon.
Casting: Spectral Weapon (safe; 12% risk of failure)
Confirm with . or Enter, or press ? or * to list all spells.
You miscast Regeneration.
You are very lightly contaminated with residual magic.
You sense a malignant aura.
The gnoll hits you from afar with a spear!
You die...

#######
#.....#######
###
#.###........
..#
#.###...#####
#.##.#
#.##.....#
#.##.#
#.###...##
#.##.####.#
##.##
#.#.......#
#.#
#.#>.######
#@# #.#..#
#)# #.#..#


(gg #....# ..... ###..## ...>... ####....####......... ...........+.........+
##........##.........# #..>......# You could see 2 gnolls and a friendly
spectral spear.

Vanquished Creatures
  Terence (D:3)
  8 adders
  2 gnolls
  2 oozes
  2 worms (D:2)
  2 dart slugs
  A leopard gecko (D:2)
  5 giant cockroaches
  3 hobgoblins
  A kobold (D:1)
  A quokka (D:3)
  2 ball pythons (D:2)
  8 bats
  3 frilled lizards
  8 goblins
  6 rats
55 creatures vanquished.

Notes
Turn   | Place    | Note
-------+----------+-------------------------------------------
     0 | D:1      | Ekaitz the Gnoll Skald began the quest for the Orb.
     0 | D:1      | Reached XP level 1. HP: 20/20 MP: 6/6
    92 | D:1      | Reached XP level 2. HP: 21/26 MP: 7/7
    96 | D:1      | Learned a level 2 spell: Song of Slaying
    99 | D:1      | Learned a level 2 spell: Shroud of Golubria
   225 | D:1      | Reached XP level 3. HP: 26/31 MP: 9/9
   230 | D:1      | Learned a level 3 spell: Spectral Weapon
   244 | D:1      | Learned a level 3 spell: Regeneration
   398 | D:1      | Reached skill level 5 in Spellcasting
   739 | D:2      | Reached skill level 1 in Invocations
   800 | D:2      | Reached skill level 1 in Short Blades
   800 | D:2      | Reached skill level 1 in Long Blades
   800 | D:2      | Reached skill level 1 in Maces & Flails
   800 | D:2      | Reached skill level 1 in Polearms
   800 | D:2      | Reached skill level 1 in Staves
   800 | D:2      | Reached skill level 1 in Slings
   800 | D:2      | Reached skill level 1 in Bows
   800 | D:2      | Reached skill level 1 in Crossbows
   800 | D:2      | Reached skill level 1 in Throwing
   800 | D:2      | Reached skill level 1 in Stealth
   800 | D:2      | Reached skill level 1 in Shields
   800 | D:2      | Reached skill level 1 in Unarmed Combat
   800 | D:2      | Reached skill level 1 in Evocations
   800 | D:2      | Reached XP level 4. HP: 34/38 MP: 3/11
   993 | D:2      | Found a sacrificial altar of Ru.
   993 | D:2      | Found a snail-covered altar of Cheibriados.
   997 | D:2      | Became a worshipper of Cheibriados the Contemplative
  1049 | D:2      | Reached skill level 1 in Conjurations
  1049 | D:2      | Reached skill level 1 in Hexes
  1049 | D:2      | Reached skill level 1 in Summonings
  1049 | D:2      | Reached skill level 1 in Necromancy
  1049 | D:2      | Reached skill level 1 in Translocations
  1049 | D:2      | Reached skill level 1 in Transmutations
  1049 | D:2      | Reached skill level 1 in Fire Magic
  1049 | D:2      | Reached skill level 1 in Ice Magic
  1049 | D:2      | Reached skill level 1 in Air Magic
  1049 | D:2      | Reached skill level 1 in Earth Magic
  1049 | D:2      | Reached skill level 1 in Poison Magic
  1698 | D:3      | Reached XP level 5. HP: 43/43 MP: 5/12
  2128 | D:3      | Reached * piety under Cheibriados
  2306 | D:3      | Noticed Terence
  2321 | D:3      | Killed Terence
  2452 | D:4      | Slain by a gnoll

Skill      XL: |  1  2  3  4  5 |
---------------+----------------+-----
Spellcasting   | 5 |  5.2
Invocations    | 1 |  1.7
Short Blades   | 1 |  1.5
Long Blades    | 1 |  1.5
Maces & Flails | 1 |  1.5
Polearms       | 1 |  1.5
Staves         | 1 |  1.5
Slings         | 1 |  1.5
Bows           | 1 |  1.5
Crossbows      | 1 |  1.5
Throwing       | 1 |  1.5
Stealth        | 1 |  1.5
Shields        | 1 |  1.5
Unarmed Combat | 1 |  1.5
Evocations     | 1 |  1.5
Conjurations   | 1 |  1.2
Hexes          | 1 |  1.2
Summonings     | 1 |  1.2
Necromancy     | 1 |  1.2
Translocations | 1 |  1.2
Transmutations | 1 |  1.2
Fire Magic     | 1 |  1.2
Ice Magic      | 1 |  1.2
Air Magic      | 1 |  1.2
Earth Magic    | 1 |  1.2
Poison Magic   | 1 |  1.2
Armour         | 3 |  3.0
Fighting       | |  4.8
Axes           | |  4.8
Dodging        | |  4.8
Charms         | |  5.5

Action                   |  1- 3 |  4- 6 || total
-------------------------+-------+-------++-------
Melee: Hand axe          |    62 |   114 ||   176
       Bite              |     2 |    13 ||    15
       Mace              |       |    11 ||    11
       Spear             |       |     6 ||     6
       Punch             |       |     1 ||     1
 Fire: Hunting sling     |       |     1 ||     1
 Cast: Spectral Weapon   |     4 |     6 ||    10
       Regeneration      |     3 |     3 ||     6
       Shroud of Golubri |     2 |     2 ||     4
       Infusion          |       |     2 ||     2
 Stab: Sleeping          |     3 |     1 ||     4
  Eat: Chunk             |       |     7 ||     7
Armor: Leather armour    |     8 |    22 ||    30
Dodge: Dodged            |    49 |   101 ||   150
